 Dungeon Crawl Stone Soup version 0.31-a0-978-g1e143483b6 (webtiles) character file.

Game seed: 4802528717013585004

156875 tsujin the Spry (level 17, -6/123 HPs)
             Began as a Felid Shapeshifter on Oct 31, 2023.
             Was an Initiate of Gozag.
             Mangled by a black mamba (11 damage)
             ... on level 4 of the Snake Pit.
             The game lasted 01:20:32 (28944 turns).

tsujin the Spry (Felid Shapeshifter)               Turns: 28944, Time: 01:20:32

Health: -6/123     AC: 16    Str: 26    XL:     17   Next: 11%
Magic:  18/18      EV: 32    Int: 14    God:    Gozag
Gold:   2277       SH:  0    Dex: 15    Spells: 16/16 levels left
                                        Lives:  0   Deaths: 6

rFire   + +          +
                       - Unarmed
rCold   x . .        (shield unavailable)
rNeg    . . .        (body armour unavailable)
rPois   +            (helmet unavailable)
rElec   .            (cloak unavailable)
rCorr   +            (gloves unavailable)
SInv    +            (boots unavailable)
Will    +++..        A - amulet "Sawnetsu" {Acrobat rF+ Regen+ SInv}
Stlth   +++++++      r - +4 ring of protection
HPRegen 1.20/turn    s - ring of resist corrosion
MPRegen 0.16/turn

%: acrobat
@: lethally poisoned (-6 -> -7), dragon-form, acrobatic, flying, slowed,
studying Fighting, very slow
A: dragon claw, dragon scales, breathe fire, flying, boosted hp, giant, (claws
1), (fangs 3), see invisible, (speed 1), (shaggy fur 3), (stealthy paws), no
weapons or thrown items, no armour, multi-lived, strong-willed 1, (poison
resistance)
a: Breathe Fire, Begin Untransformation, Renounce Religion, Potion Petition,
Call Merchant, Bribe Branch


You were on level 4 of the Snake Pit.
You worshipped Gozag.
Gozag was most pleased with you.
You were a fearsome dragon!
You visited 6 branches of the dungeon, and saw 28 of its levels.

You collected 9576 gold pieces.
You spent 1085 gold pieces at shops.
You paid 6214 gold pieces to Gozag.

Inventory:

Jewellery
 b - an amulet of reflection
 d - a +6 ring of strength
 l - a ring of magical power
 r - a +4 ring of protection (left foreclaw)
 s - a ring of resist corrosion (right foreclaw)
 A - the amulet "Sawnetsu" (around neck) {Acrobat rF+ Regen+ SInv}
   (You found it on level 10 of the Dungeon)

   [amulet of the acrobat]

   Acrobat:   It increases your evasion while moving and waiting.
   rF+:       It protects you from fire.
   SInv:      It lets you see invisible.
   Regen+:    It increases your rate of health regeneration.
Talismans
 c - a flux talisman
 w - a maw talisman
 S - a dragon-blood talisman (active)
Wands
 e - a wand of charming (9)
 m - a wand of digging (8)
 p - a wand of polymorph (2)
 u - a wand of roots (9)
 E - a wand of flame (18)
 F - a wand of mindburst (4)
Scrolls
 g - 2 scrolls of torment
 h - 10 scrolls of identify
 j - a scroll of blinking
 k - 2 scrolls of fog
 t - 3 scrolls of vulnerability
 v - 3 scrolls of poison
 x - 6 scrolls of amnesia
 D - a scroll of butterflies
 H - 4 scrolls of teleportation
 I - 3 scrolls of revelation
 K - 3 scrolls of immolation
 P - a scroll of noise
Potions
 a - 4 potions of mutation
 f - a potion of enlightenment
 i - 2 potions of curing
 n - 4 potions of attraction
 o - 5 potions of lignification
 z - 3 potions of invisibility
 B - 5 potions of might
 C - 4 potions of berserk rage
 L - 4 potions of haste
 O - a potion of brilliance
 R - 2 potions of ambrosia
Miscellaneous
 J - a sack of spiders


   Skills:
 - Level 13.4 Fighting
 + Level 20.3 Dodging
 + Level 18.5 Stealth
 * Level 15.9 Unarmed Combat
 + Level 16.9 Shapeshifting


You had 16 spell levels left.
You didn't know any spells.
Your spell library contained the following spells:

 Spells                   Type           Power      Damage    Failure   Level
 Apportation              Tloc           0%         N/A       28%         1
 Freeze                   Ice            0%         1d3       28%         1
 Kiss of Death            Conj/Necr      0%         2d5       28%         1
 Necrotise                Necr           0%         1d4       28%         1
 Summon Small Mammal      Summ           0%         N/A       28%         1
 Blink                    Tloc           0%         N/A       41%         2
 Ensorcelled Hibernation  Hex/Ice        0%         N/A       41%         2
 Lesser Beckoning         Tloc           0%         N/A       41%         2
 Momentum Strike          Conj/Tloc      0%         3d8       41%         2
 Passwall                 Tmut/Erth      0%         N/A       41%         2
 Frozen Ramparts          Ice            0%         1d1       65%         3
 Ozocubu's Armour         Ice            0%         N/A       65%         3
 Swiftness                Air            0%         N/A       65%         3
 Tukima's Dance           Hex            0%         N/A       65%         3
 Cause Fear               Hex            0%         N/A       96%         4
 Iskenderun's Mystic Bla  Conj/Tloc      0%         2d3       96%         4
 Leda's Liquefaction      Hex/Erth       0%         N/A       96%         4
 Fireball                 Conj/Fire      0%         3d3       100%        5
 Lee's Rapid Deconstruct  Erth           0%         3d4*      100%        5
 Metabolic Englaciation   Hex/Ice        0%         N/A       100%        5
 Bombard                  Conj/Erth      0%         9d1       100%        6
 Haunt                    Necr/Summ      0%         N/A       100%        7
 Ozocubu's Refrigeration  Ice            0%         4d7       100%        7
 Infestation              Necr           0%         N/A       100%        8
 Dragon's Call            Summ           0%         N/A       100%        9
 Animate Dead             Necr           Unusable   N/A       N/A         4
 Dimensional Bullseye     Hex/Tloc       Unusable   N/A       N/A         4

Dungeon Overview and Level Annotations

Branches:
Dungeon (15/15)            Temple (1/1) D:5            Lair (5/5) D:8
 Shoals (1/4) Lair:2        Snake (4/4) Lair:2        Slime (0/5) Lair:4
    Orc (2/2) D:12            Elf (0/3) Orc:2        Vaults (0/5) D:14
 Depths (0/4) D:15

Altars:
Ashenzari
Cheibriados
Dithmenos
Elyvilon
Fedhas
Gozag
Hepliaklqana
Kikubaaqudgha
Makhleb
Nemelex Xobeh
Okawaru
Qazlal
Ru
Sif Muna
Trog
Uskayaw
Vehumet
Wu Jian
Yredelemnul
Zin
The Shining One
Jiyva
Lugonu

Shops:
D:2 (   D:10 *   D:11 (*   Orc:1 =   Orc:2 (*[   Lair:2 !   Snake:2 [*
Snake:3 *

Portals:
Abyss: D:5
Trove: D:13 (give 7 scrolls of fear)

Annotations:
D:4 2 transporters, peacegoldenking's ghost, amateur FeAr
D:5 2 transporters, Dordric's ghost, amateur DrSh
Snake:3 3 runed translucent doors, exclusion: obsidian statue, Saont's ghost, adept TeAE


Innate Abilities, Weirdness & Mutations

You are a fearsome dragon!
You have a powerful clawing attack.
Your giant scaled body is strong and resilient, but less evasive.
You can breathe fire.
You are flying.
Your maximum health is greatly increased.
((You have sharp claws.))
((You have razor-sharp teeth.))
You have supernaturally acute eyesight. (SInv)
((You cover ground quickly. (Speed+)))
((Your thick and shaggy fur keeps you warm. (AC +3, rC+)))
((Your paws help you pounce on unaware monsters.))
You are incapable of wielding weapons or throwing items.
You cannot wear armour.
You gain extra lives every three experience levels.
You are strong-willed. (Will+)
((Your system is resistant to poisons. (rPois)))


Message History

The nagaraja casts a spell at you. The bolt of poison hits you!
You are more poisoned.
You resist.
* * * LOW HITPOINT WARNING * * *
You take 8 damage, and have 36/123 hp.
A black mamba comes into view.
You feel extremely sick.
The naga mage gestures at the nagaraja while chanting.
The nagaraja seems to grow toxic.
The naga mage gestures wildly while chanting.
The naga mage seems to speed up.
You take 7 damage, and have 29/123 hp.
You feel extremely sick.
The naga mage no longer looks unusually strong.
A mana viper comes into view.
The nagaraja is distracted by your dazzling golden aura.
The nagaraja mumbles some strange words.
The nagaraja seems to speed up.
The nagaraja shouts!
You take 6 damage, and have 23/123 hp.
You feel very sick.
You hear an angry hiss.
The black mamba misses you.
You hear a shout!
You take 3 damage, and have 20/123 hp.
You feel very sick.
The nagaraja is no longer distracted by gold.
The black mamba attacks as it pursues you!
The black mamba barely misses you. The black mamba closely misses you.
The black mamba bites you but does no damage.
You take 1 damage, and have 19/123 hp.
You feel sick.
The nagaraja no longer looks unusually strong.
The black mamba attacks as it pursues you!
The black mamba bites you!
* * * LOW HITPOINT WARNING * * *
The black mamba bites you!
You die...
Your body crumbles into a pile of gold.

..# ..## ...###
..#..# .....
###... #...#
#.<.# ##D..#
##.S..##
###..N#..# ##
#........#...#
#.....N.......
########.#......
.......$###.....
.....N.N.# .....
..N...N..# ....


You could see 2 nagarajas and a black mamba.

Vanquished Creatures
  Kirke (D:14)
  Aizul (Snake:2)
  An azure jelly (Snake:1)
  A nagaraja (Snake:4)
  The ghost of Tewoziw the Warrior, a journeyman FoFi of Okawaru (D:15)
  2 orc warlords (Orc:1)
  2 very ugly things
  Snorg (D:14)
  An ettin (Orc:1)
  A rakshasa (D:15)
  A salamander tyrant (Snake:3)
  A great orb of eyes (D:15)
  2 hydras
  An ogre mage (D:11)
  7 centaur warriors
  5 anacondas
  A boulder beetle (D:15)
  4 catoblepae
  A death knight (D:14)
  3 two-headed ogres
  2 tengu warriors (D:13)
  10 naga sharpshooters
  6 naga warriors
  10 death yaks (Lair:5)
  3 orc high priests
  4 shock serpents
  Urug (Lair:4)
  Sonja (D:10)
  A fire crab (shapeshifter) (D:11)
  Nergalle (Lair:3)
  11 skeletal warriors
  2 skysharks
  The ghost of Xavori the Trooper, a novice DjCK of Xom (D:6)
  A sea snake (Lair:2)
  4 spectral anacondas (Snake:1)
  7 naga ritualists
  A deep elf zephyrmancer (D:13)
  2 deep elf pyromancers
  12 mana vipers
  5 orc knights
  4 orc sorcerers
  An oklob plant (D:8)
  A faun (Lair:2)
  12 ugly things
  6 manticores
  6 cyclopes
  34 black mambas
  A merfolk siren (Lair:2)
  8 salamanders
  A salamander (shapeshifter) (D:15)
  14 elephants
  A guardian serpent (Snake:1)
  5 naga magi
  A water nymph (Lair:2)
  A torpor snail (Lair:4)
  A gargoyle (D:11)
  2 rime drakes
  13 cane toads
  A spectral sea snake (Snake:1)
  10 komodo dragons
  An anaconda simulacrum (Snake:1)
  A komodo dragon (shapeshifter) (D:11)
  A tengu conjurer (D:15)
  A yaktaur (D:15)
  3 freezing wraiths
  A queen bee (D:6)
  A spectral guardian serpent (Snake:1)
  7 trolls
  6 meliai
  A hellwing (D:7)
  A tarantella (shapeshifter) (D:14)
  2 hornets
  19 blink frogs
  10 dream sheep
  A meliai zombie (D:7)
  7 slime creatures
  A centaur simulacrum (D:14)
  A guardian serpent skeleton (Snake:1)
  A spriggan (shapeshifter) (D:15)
  3 shadows
  85 yaks
  A vampire (D:12)
  4 wraiths
  3 hogs (D:14)
  4 wyverns
  6 basilisks
  2 sea snake simulacra (Snake:1)
  3 steam dragons
  9 vampire mosquitoes
  A naga (shapeshifter) (D:14)
  20 nagas
  7 wargs
  16 water moccasins
  Duvessa (D:5)
  34 orc warriors
  A naga skeleton (Snake:1)
  An ice beast (D:5)
  2 guardian serpent simulacra (Snake:1)
  3 sky beasts
  8 centaurs
  8 ogres
  3 boggarts (D:14)
  7 wolves
  A hornet zombie (D:6)
  2 phantoms (D:6)
  20 bullfrogs
  2 kobold brigands
  Blork the orc (D:5)
  2 gnoll sergeants
  A water moccasin zombie (D:6)
  A wyvern zombie (D:6)
  2 scorpions
  6 naga simulacra (Snake:1)
  17 wights
  A wyvern skeleton (D:6)
  7 killer bees (D:6)
  A water moccasin skeleton (D:6)
  Dowan (D:5)
  4 spectral nagas (Snake:1)
  5 howler monkeys
  An electric eel (Lair:5)
  3 bullfrog zombies (D:6)
  9 centaur zombies
  12 jellies
  4 centaur skeletons
  5 hounds
  12 orc priests
  4 iguanas
  Terence (D:2)
  2 sleepcaps
  15 orc wizards
  2 killer bee zombies (D:6)
  Robin (D:2)
  14 gnolls
  6 adders
  4 shadow imps (D:7)
  4 white imps
  2 ufetubi (D:6)
  2 worms
  A dart slug (D:1)
  56 orcs
  23 endoplasms
  A giant cockroach (D:3)
  12 goblins
  7 hobgoblins
  6 jackals
  10 kobolds
  3 quokkas
  6 ball pythons
  2 bats
  A frilled lizard (D:2)
  3 rats
852 creatures vanquished.

Vanquished Creatures (others)
  A spectral guardian serpent (Snake:1)
  A shadow imp (D:7)
2 creatures vanquished.

Grand Total: 854 creatures vanquished

Notes
Turn   | Place    | Note
-------+----------+-------------------------------------------
     0 | D:1      | tsujin the Felid Shapeshifter began the quest for the Orb.
     0 | D:1      | Reached XP level 1. HP: 9/9 MP: 2/2
   443 | D:1      | Reached XP level 2. HP: 12/12 MP: 3/3
   891 | D:2      | Found Vijel's Antique Weapon Boutique.
  1099 | D:2      | Noticed Terence
  1242 | D:2      | Noticed Robin
  1387 | D:1      | Reached XP level 3. HP: 15/15 MP: 4/4
  1453 | D:2      | Killed Robin
  1647 | D:2      | Reached XP level 4. HP: 3/19 MP: 5/5
  1650 | D:2      | Gained mutation: Your system is resistant to poisons.
                  | (rPois) [potion of mutation]
  1650 | D:2      | Gained mutation: You are strong-willed. (Will+) [potion of
                  | mutation]
  1656 | D:2      | Killed Terence
  2215 | D:2      | Reached XP level 5. HP: 22/22 MP: 6/6
  2784 | D:3      | Found a faded altar of an unknown god.
  2849 | D:3      | Found a blossoming altar of Fedhas.
  3235 | D:4      | Found a snail-covered altar of Cheibriados.
  3242 | D:4      | Reached skill level 3 in Dodging
  3258 | D:4      | Found a transporter.
  3262 | D:4      | Noticed peacegoldenking's ghost (amateur FeAr)
  3322 | D:4      | Reached skill level 1 in Stealth
  3322 | D:4      | Reached skill level 5 in Shapeshifting
  3385 | D:4      | Slain by a gnoll
  3414 | D:4      | Found a transporter.
  3532 | D:4      | Gained mutation: You are covered in thick fur. (AC +2)
                  | [Felid growth]
  3532 | D:4      | Reached XP level 6. HP: 9/25 MP: 7/7
  3903 | D:4      | Found a sacrificial altar of Ru.
  4125 | D:5      | Entered Level 5 of the Dungeon
  4132 | D:5      | Reached skill level 4 in Dodging
  4137 | D:5      | Reached skill level 5 in Unarmed Combat
  4166 | D:5      | Found a transporter.
  4181 | D:5      | Noticed Dordric's ghost (amateur DrSh)
  4188 | D:5      | Found a transporter.
  4188 | D:5      | Noticed a water moccasin
  4195 | D:5      | Killed a water moccasin
  4248 | D:5      | Reached skill level 5 in Dodging
  4248 | D:5      | Reached XP level 7. HP: 28/30 MP: 8/8
  4285 | D:5      | Found a staircase to the Ecumenical Temple.
  4304 | Temple   | Entered the Ecumenical Temple
  4316 | Temple   | Became a worshipper of Gozag Ym Sagoz the Greedy
  4345 | D:5      | Noticed Duvessa
  4362 | D:5      | Noticed Dowan
  4369 | D:5      | Killed Duvessa
  4382 | D:5      | Killed Dowan
  4501 | D:5      | Identified the +4 flail of Mens Rea {freeze, Fragile rPois
                  | Dex+6}
  4516 | D:5      | Found a one-way gate to the infinite horrors of the Abyss.
  4659 | D:5      | Noticed Blork the orc
  4669 | D:5      | Killed Blork the orc
  4670 | D:5      | Reached skill level 6 in Dodging
  4883 | D:6      | Noticed a hornet
  4884 | D:6      | Noticed a queen bee
  4894 | D:6      | Noticed Xavori's ghost (novice DjCK)
  4930 | D:6      | Reached XP level 8. HP: 17/34 MP: 9/9
  4963 | D:6      | Reached skill level 7 in Dodging
  5043 | D:6      | Reached skill level 5 in Stealth
  5238 | D:6      | Reached skill level 8 in Dodging
  5327 | D:6      | Reached XP level 9. HP: 30/39 MP: 10/10
  5992 | D:6      | Found a transporter.
  5997 | D:6      | Found a transporter.
  6082 | D:7      | Reached skill level 9 in Dodging
  6346 | D:7      | Noticed a two-headed ogre
  6349 | D:7      | Reached skill level 5 in Fighting
  6378 | D:7      | Killed a two-headed ogre
  6379 | D:7      | Reached skill level 10 in Dodging
  6396 | D:7      | Reached XP level 10. HP: 35/45 MP: 11/11
  6518 | D:7      | Reached skill level 11 in Dodging
  7402 | D:8      | Reached skill level 10 in Shapeshifting
  7636 | D:8      | Found a staircase to the Lair.
  7862 | D:8      | Noticed a deep elf pyromancer
  7870 | D:8      | Killed a deep elf pyromancer
  7871 | D:8      | Reached skill level 12 in Dodging
  7906 | D:8      | Noticed a tengu warrior
  7945 | D:8      | Mangled by a tengu warrior
  8076 | D:8      | Noticed an oklob plant
  8298 | D:8      | Killed an oklob plant
  8437 | D:11     | Identified the "Ihelis"
  8437 | Lair:1   | Entered Level 1 of the Lair of Beasts
  8450 | Lair:1   | Reached XP level 11. HP: 49/49 MP: 12/12
  8684 | Lair:1   | Reached skill level 13 in Dodging
  8789 | Lair:1   | Reached skill level 10 in Stealth
  9875 | Lair:2   | Found a staircase to the Shoals.
  9896 | Lair:2   | Found a radiant altar of Vehumet.
  9994 | Lair:2   | Reached skill level 14 in Dodging
 10078 | Lair:2   | Bought a potion of curing for 39 gold pieces
 10078 | Lair:2   | Bought a potion of ambrosia for 104 gold pieces
 10078 | Lair:2   | Bought 2 potions of heal wounds for 130 gold pieces
 10265 | Lair:2   | Found a staircase to the Snake Pit.
 10556 | Lair:2   | Gained mutation: Your thick and shaggy fur keeps you warm.
                  | (AC +3, rC+) [Felid growth]
 10556 | Lair:2   | Reached XP level 12. HP: 55/55 MP: 13/13
 10900 | Lair:3   | Noticed Nergalle
 10910 | Lair:3   | Killed Nergalle
 11122 | Lair:3   | Reached skill level 15 in Dodging
 11342 | Lair:3   | Noticed a catoblepas
 11561 | Lair:4   | Identified the of Manug
 11561 | Lair:4   | Noticed a catoblepas
 11608 | Lair:3   | Killed a catoblepas
 11954 | Lair:4   | Found a viscous altar of Jiyva.
 11954 | Lair:4   | Found a staircase to the Slime Pits.
 12064 | Lair:4   | Noticed Urug
 12078 | Lair:4   | Killed Urug
 12357 | Lair:4   | Reached skill level 16 in Dodging
 12562 | Lair:4   | Noticed a boulder beetle
 12959 | D:9      | Found a shadowy altar of Dithmenos.
 12962 | D:9      | Found a hazy altar of Hepliaklqana.
 13325 | D:9      | Reached skill level 10 in Unarmed Combat
 13333 | D:9      | Reached XP level 13. HP: 39/60 MP: 14/14
 13686 | D:10     | Entered Level 10 of the Dungeon
 13966 | D:10     | Identified the amulet "Sawnetsu" {Acrobat rF+ Regen+ SInv}
 14369 | D:10     | Noticed Sonja
 14418 | D:10     | Killed Sonja
 14853 | D:10     | Bought a potion of berserk rage for 160 gold pieces
 14853 | D:10     | Bought a scroll labelled NILONI MOKHLUA for 32 gold pieces
 14853 | D:10     | Bought a twisted bone wand for 128 gold pieces
 14853 | D:10     | Bought a potion of magic for 256 gold pieces
 15183 | Lair:5   | Entered Level 5 of the Lair of Beasts
 15301 | Lair:4   | Reached skill level 17 in Dodging
 15328 | Lair:5   | HP: 2/61 [catoblepas (4)]
 15332 | Lair:5   | Killed from afar by a rime drake
 15462 | Lair:5   | Reached skill level 10 in Fighting
 15548 | Lair:5   | Slain by a catoblepas
 15862 | Lair:5   | Reached XP level 14. HP: 47/66 MP: 15/15
 17539 | D:11     | Reached skill level 15 in Stealth
 17572 | D:11     | Found Fizuguuq's Antique Weapon Emporium.
 17723 | D:11     | Reached skill level 18 in Dodging
 17813 | D:11     | Found a sparkling altar of Nemelex Xobeh.
 18099 | D:11     | Found a runed translucent door.
 18170 | D:11     | Bought a scroll labelled FENAVI JUIR for 36 gold pieces
 18226 | D:12     | Found a staircase to the Orcish Mines.
 18782 | D:12     | Identified the +11 dagger "Vuoro" {antimagic, Will+}
 19111 | D:13     | Identified a scroll of acquirement
 19115 | D:13     | Acquired a manual of Fighting
 19453 | D:13     | Found a portal to a secret trove of treasure.
 19663 | D:14     | Noticed a red very ugly thing
 19727 | Orc:1    | Entered Level 1 of the Orcish Mines
 19794 | Orc:1    | Reached skill level 15 in Shapeshifting
 19909 | Orc:2    | Entered Level 2 of the Orcish Mines
 19927 | Orc:2    | Reached XP level 15. HP: 61/71 MP: 16/16
 20248 | Orc:1    | Slain by an orc warlord
 20487 | Orc:2    | Found Koimul's Antique Armour Boutique.
 20516 | Orc:2    | Found Niatsir's General Store.
 20525 | Orc:2    | Bought a potion of berserk rage for 70 gold pieces
 20594 | Orc:2    | Found Zivvien's Book Boutique.
 20622 | Orc:2    | Found a radiant altar of Vehumet.
 20716 | Orc:2    | Found a staircase to the Elven Halls.
 20730 | Orc:2    | Found Otiystyo's Antique Weapon Boutique.
 20875 | Orc:1    | Found an iron altar of Okawaru.
 22238 | D:14     | Noticed Kirke
 22358 | D:14     | Found a gate to the Vaults.
 22429 | D:14     | Noticed Snorg
 22440 | D:14     | Killed Snorg
 22753 | D:14     | Killed Kirke
 22948 | D:15     | Entered Level 15 of the Dungeon
 22954 | D:15     | Reached skill level 19 in Dodging
 23158 | D:15     | Found a runed translucent door.
 23161 | D:15     | Noticed Tewoziw's ghost (journeyman FoFi)
 23173 | D:15     | Found a blossoming altar of Fedhas.
 23253 | D:15     | Found a staircase to the Depths.
 23793 | D:15     | Identified the of Baog
 23793 | D:15     | Found a corrupted altar of Lugonu.
 24077 | D:15     | Killed Tewoziw's ghost
 24520 | D:6      | Killed Xavori's ghost
 24521 | D:6      | Reached XP level 16. HP: 78/78 MP: 17/17
 24892 | Shoals:1 | Entered Level 1 of the Shoals
 25087 | Snake:1  | Entered Level 1 of the Snake Pit
 25182 | Lair:2   | Slain by a shock serpent
 26483 | Snake:2  | Identified the serpent talisman of the Grue {rElec rC-
                  | Slay+6 SInv}
 26483 | Snake:2  | Noticed Aizul
 26498 | Snake:2  | Killed Aizul
 26555 | Snake:2  | RandomusNamus: DOAN DIE
 26557 | Snake:1  | tsujin: THIS IS SO HARD
 26557 | Snake:1  | tsujin: SHAPESHIFTER IS FUCKIN TOUGH
 26591 | Snake:2  | RandomusNamus: snake is hard
 26613 | Snake:2  | Reached skill level 15 in Unarmed Combat
 26622 | Snake:2  | tsujin: i need rCold for shoals tho
 26622 | Snake:2  | tsujin: i will get wrecked there
 26788 | Snake:2  | Reached skill level 20 in Dodging
 27227 | Snake:2  | Found Mati's General Store.
 27231 | Snake:2  | Found Nauzoim's Antique Armour Shoppe.
 27235 | Snake:2  | Bought a potion of haste for 130 gold pieces
 28094 | Snake:3  | Found an opulent altar of Gozag.
 28096 | Snake:3  | Found a runed translucent gate.
 28096 | Snake:3  | Found a runed translucent gate.
 28096 | Snake:3  | Found a runed translucent gate.
 28098 | Snake:3  | Found Mor Loca's Assorted Antiques.
 28300 | Snake:3  | Reached XP level 17. HP: 82/82 MP: 18/18
 28799 | Snake:3  | Noticed Saont's ghost (adept TeAE)
 28902 | Snake:4  | Entered Level 4 of the Snake Pit
 28944 | Snake:4  | HP: 5/123 [black mamba (14)]
 28944 | Snake:4  | Mangled by a black mamba

Illustrated notes

Levels and vault maps discovered:
D:1:      noname_arrival_rooms_in_the_neighbourhood, layout_basic,
          amcnicky_mini_rare_corridor_liquid
D:2:      layout_basic, serial_shops, nicolae_shop_peninsula, uniq_terence,
          uniq_robin
D:3:      layout_basic, marbit_many_paths, ebering_ecumenical_altar_hall
D:4:      layout_loops_corners, lemuel_crystal_altar, general_overflow_altar,
          gammafunk_ghost_stat_death, sigmund_army
D:5:      layout_basic, minmay_temple_entry_butterflies,
          gammafunk_ghost_abyssal_escape, minmay_misc_feat_doors,
          uniq_blork_the_orc, uniq_duvessa
D:6:      layout_basic, gammafunk_ghost_hive, serial_undead, serial_undead_b,
          serial_undead_a, serial_undead_b, serial_undead_a, serial_undead_b,
          serial_undead_e, serial_undead_b, serial_undead_f, serial_undead_d,
          serial_undead_b
D:7:      cheibrodos_grave_circle, layout_basic, nicolae_eternal_life,
          lemuel_flamethrower_2
D:8:      lemuel_slime, layout_basic, led_xom_imps, lair_entry_dummy,
          minmay_diamond_spiral
D:9:      layout_long_grid, riverfiend_overflow_shadow_ancestor,
          minmay_misc_feat_pillars, kennysheep_generic_room_7
D:10:     layout_irregular_city, serial_co_window_serial, co_window_paths_a,
          co_window_paths_a, co_window_corner_a, co_window_of_opportunity_a,
          co_window_corner_a, co_window_corner_a, co_window_corner_a,
          co_window_paths_b, co_window_corner_a, co_window_of_opportunity_c,
          co_window_paths_c, co_window_broadway_a, co_window_corner_b,
          co_window_unsneaky_path_a, co_window_paths_e, glass_columns_c,
          glass_columns_a, glass_columns_c, glass_columns_c, glass_columns_a,
          uniq_sonja
D:11:     minmay_the_grid_four_pointed_star
          [minmay_the_grid_triangle_9x9_flanged_cone,
          minmay_the_grid_triangle_9x9_subtriangle,
          minmay_the_grid_triangle_9x9_sprig,
          minmay_the_grid_triangle_9x9_checkered,
          minmay_the_grid_prize_trominoes], layout_loops_ring, serial_shops,
          nicolae_shop_window_shopping, nemelex_xobeh_ov_fountains_minmay
D:12:     layout_irregular_city, minmay_orc_entry_guard_dogs
D:13:     layout_cave_pools, nicolae_trove_entry_columns
D:14:     minmay_ambush_box, layout_cave_pods,
          hellmonk_vaults_attempted_burglary, chequers_serial_rivers_marsh,
          uniq_snorg, uniq_kirke
D:15:     gammafunk_enter_depths_forms, layout_basic,
          hellmonk_ghost_happy_afterlife, fedhas_altar_1, tgw_lugonu_bribe
Temple:   nicolae_temple_superstar
Lair:1:   layout_regular_city, grunt_megastairs_1
Lair:2:   layout_regular_city, elwin_shoals_entry_rocks,
          guppyfry_snake_entry_island, basic_altar, st_stairs_8
Lair:3:   layout_regular_city, uniq_nergalle
Lair:4:   layout_regular_city, slime_entry_1, uniq_urug
Lair:5:   evilmike_catoblepas_cave, layout_gridlike
Shoals:1: cheibrodos_shoals_baths, layout_shoals, nicolae_shoals_so_close,
          uniq_mlioglotl
Snake:1:  layout_misc_corridors, portal_ice_cave_entry_frozen_things,
          nicolae_snake_linked_coils, nicolae_snake_the_dead_are_slithering
Snake:2:  layout_chambers, minmay_shop_star, uniq_aizul
Snake:3:  layout_cave_shapes, ebering_ghost_gozag, grunt_megastairs_2
Snake:4:  grunt_snake_rune_spirals, layout_onion_interference, uniq_roxanne,
          uniq_vashnia
Orc:1:    layout_caves, okawaru_metal_pillars_1_2
Orc:2:    grunt_orc_gardens, layout_diamond_mine, grunt_orc_garden,
          grunt_orc_garden, grunt_orc_garden, grunt_orc_garden, basic_altar

Skill      XL: |  1  2  3  4  5  6  7  8  9 10 11 12 13 14 15 16 |
---------------+-------------------------------------------------+-----
Shapeshifting  | 4 5 6 7 9 10 11 13 14 15 16 | 16.9
Unarmed Combat | 4 5 6 7 8 9 10 11 12 14 15 | 15.9
Dodging        | 3 5 6 8 10 12 14 16 17 18 19 20 | 20.3
Stealth        | 1 2 4 5 7 9 11 13 14 15 16 18 | 18.5
Fighting       | 2 3 4 5 6 8 9 10 11 13 | 13.4

Action                     |  1- 3 |  4- 6 |  7- 9 | 10-12 | 13-15 | 16-18 || total
---------------------------+-------+-------+-------+-------+-------+-------++-------
  Melee: Unarmed           |    72 |   150 |   259 |   793 |  1230 |   403 ||  2907
         Bite              |     1 |     8 |    48 |   121 |   177 |    48 ||   403
         Punch             |       |     4 |    12 |    42 |   120 |    40 ||   218
         Tailslap          |       |       |       |       |       |    58 ||    58
 Invoke: Potion Petition   |       |       |       |     3 |     2 |     2 ||     7
         Call Merchant     |       |       |       |     1 |     3 |       ||     4
  Evoke: Wand              |       |       |     2 |     6 |    14 |     7 ||    29
         Sack of spiders   |       |       |       |       |     1 |       ||     1
    Use: Scroll            |     2 |     7 |     4 |     4 |    12 |     1 ||    30
         Potion            |       |     7 |     2 |     8 |    11 |     5 ||    33
   Stab: Sleeping          |     2 |     6 |     2 |    17 |    31 |     9 ||    67
         Distracted        |       |       |     3 |     4 |    14 |     7 ||    28
 Armour: Skin              |    25 |    43 |    94 |   235 |   404 |   243 ||  1044
  Dodge: Dodged            |    56 |    92 |   251 |   661 |  1340 |   297 ||  2697
   Form: Beast             |       |       |       |     1 |       |       ||     1
         Maw               |       |       |       |     1 |       |       ||     1
         Blade             |       |       |       |     1 |       |       ||     1
         Flux              |       |       |       |     1 |       |       ||     1
         Dragon            |       |       |       |       |       |     2 ||     2
                           |       |       |       |       |       |     1 ||     1

Table legend: (Time is in decaauts)
 A = Elapsed time spent in this place.
 B = Non-inter-level travel time spent in this place.
 C = Inter-level travel time spent in this place.
 D = Time resting spent in this place.
 E = Time spent auto-exploring this place.
 F = Levels seen in this place.
 G = Mean time per level.
                   A        B        C        D        E       F      G
               +--------+--------+--------+--------+--------+-----+--------+
         Total |  24810 |  22964 |   1846 |   1537 |  12657 |  28 |  886.1 |
       Dungeon |  13885 |  12572 |   1313 |    824 |   7148 |  15 |  925.7 |
        Temple |     20 |      2 |     18 |      0 |      0 |   1 |   20.0 |
          Lair |   5957 |   5661 |    296 |    432 |   2535 |   5 | 1191.4 |
        Shoals |     20 |     20 |      0 |      0 |      0 |   1 |   20.0 |
     Snake Pit |   3485 |   3421 |     64 |    135 |   2347 |   4 |  871.2 |
  Orcish Mines |   1442 |   1289 |    153 |    146 |    627 |   2 |  721.0 |
               +--------+--------+--------+--------+--------+-----+--------+

Top non-repeatable levels by time:
  Lair:5: 1666 daAuts
 Snake:2: 1345 daAuts
  Lair:2: 1332 daAuts
     D:8: 1194 daAuts
    D:10: 1160 daAuts
     D:6: 1114 daAuts
 Snake:1: 1102 daAuts
  Lair:1: 1093 daAuts
     D:2: 1067 daAuts
    D:14: 1011 daAuts
 Snake:3: 996 daAuts
     D:7: 981 daAuts
    D:15: 975 daAuts
     D:1: 957 daAuts
  Lair:3: 953 daAuts
